 Dungeon Crawl Stone Soup version 0.25.1-1-g288607f (webtiles) character file.

Game seed: 1052249201619309771

1621 RonnieColeman the Magician (level 8, -8/60 HPs)
             Began as an Octopode Conjurer on Sept 12, 2020.
             Was a Follower of Kikubaaqudgha.
             Mangled by an orc
             ... wielding a +1 mace of holy wrath
              (10 damage)
             ... on level 6 of the Dungeon.
             The game lasted 00:13:23 (6800 turns).

RonnieColeman the Magician (Octopode Conjurer)      Turns: 6800, Time: 00:13:23

Health: -8/60      AC:  1    Str:  7    XL:     8   Next: 96%
Magic:  19/19      EV: 13    Int: 19    God:    Kikubaaqudgha [*.....]
Gold:   405        SH:  0    Dex: 13    Spells: 19/22 levels left

rFire    . . .     SeeInvis .   j - +2 dagger (elec)
rCold    . . .     Gourm    .   (no shield)
rNeg     . . .     Faith    .   (helmet restricted)
rPois    .         Spirit   .   (no amulet)
rElec    .         Reflect  .   p - ring of stealth
rCorr    .         Harm     .   (no ring)
MR       .....                  (no ring)
Stlth    ++++......             (no ring)
HPRegen  0.20/turn              (no ring)
MPRegen  0.16/turn              (no ring)
                                (no ring)
                                (no ring)

@: no status effects
A: almost no armour, stealthy swim, amphibious, 8 rings, constrict 8, camouflage
1, robust 1, gelatinous body 1, MP-powered wands
a: Receive Corpses, Renounce Religion


You were on level 6 of the Dungeon.
You worshipped Kikubaaqudgha.
Kikubaaqudgha was aware of your devotion.
You were not hungry.

You visited 1 branch of the dungeon, and saw 6 of its levels.
You also visited: Ossuary.

You collected 405 gold pieces.

Inventory:

Hand Weapons
 j - a +2 dagger of electrocution (weapon)
Jewellery
 c - a +6 ring of intelligence {unknown}
 p - a ring of stealth (left tentacle)
Wands
 h - a wand of flame (14)
Scrolls
 a - 2 scrolls of amnesia
 d - 7 scrolls of teleportation
 e - 2 scrolls of remove curse
 f - a scroll of enchant weapon
 k - a scroll of blinking {unknown}
 l - a scroll of fear
Potions
 o - a potion of curing
Comestibles
 b - 7 rations


   Skills:
 - Level 5.0 Fighting
 - Level 2.0 Dodging
 - Level 2.6 Stealth
 * Level 7.5 Spellcasting
 + Level 6.9 Conjurations


You had 19 spell levels left.
You knew the following spells:

 Your Spells              Type           Power        Failure   Level  Hunger
a - Magic Dart            Conj           ####         1%          1    None
b - Searing Ray           Conj           ####..       1%          2    None

Your spell library contained the following spells:

 Spells                   Type           Power        Failure   Level  Hunger
 Dazzling Flash           Conj/Hex       ###...       7%          3    #......
 Animate Skeleton         Necr           N/A          10%         1    None
 Pain                     Necr           #...         10%         1    None
 Sublimation of Blood     Necr           #.........   14%         2    None
 Fulminant Prism          Conj/Hex       ###.......   22%         4    ###....
 Iskenderun's Mystic Bla  Conj/Tloc      ###.....     22%         4    ###....
 Vampiric Draining        Necr           #.........   28%         3    #......


Dungeon Overview and Level Annotations

Branches:
Dungeon (6/15)            Ossuary (visited)
 Temple: D:4-7

Altars:
Cheibriados
Kikubaaqudgha
Ru
Uskayaw
Xom
The Shining One

Annotations:
D:5 Ijyb


Innate Abilities, Weirdness & Mutations

You cannot wear most types of armour.
You are very stealthy in the water. (Stealth+)
You are amphibious.
You can wear up to eight rings at the same time.
You can use your tentacles to constrict eight enemies at once.
Your skin changes colour to match your surroundings (Stealth+).
Your rubbery body absorbs attacks. (AC +1, EV +1)
You are robust. (+10% HP)
You expend magic power (3 MP) to strengthen your wands.


Message History

The orc barely misses you. The orc barely misses you.
The centaur wields a +0 shortbow.
The centaur shoots an arrow.
The arrow hits you!
The centaur shoots an arrow.
The arrow closely misses you. The ogre closely misses you.
The centaur shoots an arrow.
The arrow hits you!
* * * LOW HITPOINT WARNING * * *
Found a stone staircase leading down.
You see here an arrow.
The orc wizard casts a spell.
The orc wizard flickers and vanishes!
Deactivating autopickup; reactivate with Ctrl-A.
The centaur shoots an arrow.
The arrow hits you!
* * * LOW HITPOINT WARNING * * *
There is a stone staircase leading down, spattered with blood here.
You see here an arrow.
The orc hits you with a +1 mace of holy wrath!
You die...
Kikubaaqudgha rasps: "You have failed me!
Welcome... death!"

##.# #.## . #...
......# #..#
#..#..+ #.. ##
......#+ #.. ..
##..#.... #.# #.
....$... #.#
#.##....... #@#
#...<.#
#o#########..#
#O...........#
##c.........o.#
#####.o.########..#
......(.########..#
#####.o...........#
.......(########O##
#######.########)#


You could see an orc warrior, an ogre, a centaur and 2 orcs.

Vanquished Creatures
  Sigmund (D:3)
  A sky beast (D:4)
  A necrophage (D:4)
  An ice beast (D:5)
  3 ogres
  A scorpion (D:5)
  A killer bee (D:6)
  2 vampire bats (D:4)
  2 human zombies (Ossuary)
  2 hounds
  Crazy Yiuf (D:2)
  A jelly (D:5)
  2 orc priests
  4 orc wizards
  Jessica (D:3)
  4 worker ants (D:4)
  A big kobold zombie (Ossuary)
  2 mummies (Ossuary)
  8 adders
  4 gnolls (D:3)
  6 worms
  5 dart slugs
  2 leopard geckos
  15 orcs
  3 ball pythons
  11 bats
  2 bat skeletons (D:4)
  2 bat zombies (D:4)
  3 giant cockroaches
  4 gnoll zombies (Ossuary)
  6 goblins
  8 hobgoblins
  6 jackals
  2 quokkas
  A ball python skeleton (D:4)
  4 frilled lizards (D:3)
  2 goblin zombies (Ossuary)
  3 hobgoblin zombies (Ossuary)
  A jackal skeleton (D:4)
  7 kobolds
  2 orc zombies (Ossuary)
  6 rats
144 creatures vanquished.

Notes
Turn   | Place    | Note
-------+----------+-------------------------------------------
     0 | D:1      | RonnieColeman the Octopode Conjurer began the quest for the
                  | Orb.
     0 | D:1      | Reached XP level 1. HP: 11/11 MP: 3/3
   174 | D:1      | Reached XP level 2. HP: 6/18 MP: 5/5
   574 | D:1      | Reached skill level 1 in Fighting
   729 | D:1      | Reached XP level 3. HP: 12/23 MP: 7/7
  1528 | D:2      | Learned a level 2 spell: Searing Ray
  1596 | D:2      | Reached skill level 3 in Spellcasting
  1684 | D:2      | Found a snail-covered altar of Cheibriados.
  1684 | D:2      | Found a sacrificial altar of Ru.
  1684 | D:2      | Found a hide-covered altar of Uskayaw.
  1686 | D:2      | Found a shimmering altar of Xom.
  1737 | D:2      | Found a glowing golden altar of the Shining One.
  1951 | D:2      | Reached XP level 4. HP: 28/28 MP: 8/8
  2456 | D:2      | Found a runed translucent door.
  2457 | D:2      | Noticed Crazy Yiuf
  2464 | D:2      | Killed Crazy Yiuf
  2537 | D:2      | Reached XP level 5. HP: 34/34 MP: 10/10
  2910 | D:3      | Noticed Jessica
  2916 | D:3      | Killed Jessica
  3168 | D:3      | Reached skill level 4 in Spellcasting
  3678 | D:3      | Noticed Sigmund
  3689 | D:3      | Reached XP level 6. HP: 41/41 MP: 12/12
  3694 | D:3      | Killed Sigmund
  3694 | D:3      | Reached skill level 5 in Conjurations
  3896 | D:3      | Reached XP level 7. HP: 46/46 MP: 7/14
  3974 | D:3      | Gained mutation: You expend magic power (3 MP) to
                  | strengthen your wands. [potion of mutation]
  3974 | D:3      | Gained mutation: You are robust. (+10% HP) [potion of
                  | mutation]
  4038 | D:4      | Reached skill level 5 in Spellcasting
  4893 | D:4      | Reached skill level 6 in Spellcasting
  4893 | D:4      | Reached XP level 8. HP: 57/58 MP: 8/17
  5157 | D:4      | Found an ancient bone altar of Kikubaaqudgha.
  5182 | D:4      | Became a worshipper of Kikubaaqudgha
  5504 | D:5      | Entered Level 5 of the Dungeon
  5916 | D:5      | Reached skill level 7 in Spellcasting
  5974 | D:5      | Reached skill level 5 in Fighting
  6225 | D:5      | Noticed Ijyb
  6248 | D:6      | Found a sand-covered staircase.
  6256 | Ossuary  | Entered an ossuary
  6518 | Ossuary  | Reached * piety under Kikubaaqudgha
  6518 | Ossuary  | Identified Kikubaaqudgha's Incunabulum of Unholy Magic
                  | (Kikubaaqudgha gifted it to you in an ossuary)
  6518 | Ossuary  | Received a gift from Kikubaaqudgha
  6799 | D:6      | HP: 1/60 [centaur/arrow (12)]
  6800 | D:6      | Mangled by an orc

Illustrated notes

Levels and vault maps discovered:
D:1:      sevenhm_arrival_forest_fort_large_1, layout_loops_cross
D:2:      layout_loops_cross, grunt_temple_overflow_open,
          uniq_crazy_yiuf_cottage
D:3:      layout_loops_cross, uniq_jessica, uniq_sigmund
D:4:      layout_basic, kennysheep_vampire_church, first_ration
D:5:      layout_basic, minmay_crystal_water, minmay_fire_ice_demons,
          uniq_prince_ribbit1, uniq_ijyb
D:6:      layout_loops_ring, kennysheep_mini_moat,
          minmay_temple_entry_from_below_a, nicolae_ossuary_entry_monument,
          bh_walls_and_bars

Skill      XL: |  1  2  3  4  5  6  7  8 |
---------------+-------------------------+-----
Fighting       | 1 2 3 4 5 |  5.0
Spellcasting   | 3 4 6 7 |  7.5
Conjurations   | 5 6 |  6.9
Dodging        | |  2.0
Stealth        | |  2.6

Action                   |  1- 3 |  4- 6 |  7- 9 || total
-------------------------+-------+-------+-------++-------
Melee: Spear             |    45 |       |       ||    45
       Constrict         |    21 |     9 |    13 ||    43
       Tentacles         |    11 |       |     5 ||    16
       Unarmed           |     2 |       |       ||     2
       Dagger            |    50 |    47 |    70 ||   167
 Cast: Magic Dart        |     9 |    25 |    17 ||    51
       Searing Ray       |     1 |    10 |    37 ||    48
  Use: Scroll            |     5 |       |     2 ||     7
       Potion            |     1 |       |     6 ||     7
 Stab: Sleeping          |    10 |    11 |     4 ||    25
  Eat: Chunk             |     3 |     6 |     7 ||    16
       Ration            |       |       |     1 ||     1
Armor: Skin              |    11 |       |     7 ||    18
Dodge: Dodged            |    70 |    26 |    85 ||   181
